 Dungeon Crawl Stone Soup version 0.27.0-1-g7a089689b8 (webtiles) character file.

Game seed: 13593533371257795260

41 ZombieSheep the Skirmisher (level 3, -2/33 HPs)
             Began as a Hill Orc Fighter on Aug 1, 2021.
             Slain by Sigmund (9 damage)
             ... on level 3 of the Dungeon.
             The game lasted 00:02:09 (1682 turns).

ZombieSheep the Skirmisher (Hill Orc Fighter)       Turns: 1682, Time: 00:02:10

Health: -2/33      AC:  6    Str: 18    XL:     3   Next: 52%
Magic:  3/3        EV:  9    Int:  8    God:
Gold:   127        SH:  0    Dex: 11    Spells: 2/2 levels left

rFire    . . .     SeeInvis .   a - +1 war axe
rCold    . . .     Faith    .   (no shield)
rNeg     . . .     Spirit   .   b - +0 scale mail
rPois    .         Reflect  .   (no helmet)
rElec    .         Harm     .   (no cloak)
rCorr    +         Rampage  .   (no gloves)
Will     .....                  (no boots)
Stlth    ..........             (no amulet)
HPRegen  0.11/turn              g - ring of resist corrosion
MPRegen  0.08/turn              (no ring)

@: confused, mighty
A: no striking features
a: no special abilities


You were on level 3 of the Dungeon.
You visited 1 branch of the dungeon, and saw 3 of its levels.

You collected 127 gold pieces.

Inventory:

Hand Weapons
 a - a +1 war axe (weapon)
Armour
 b - a +0 scale mail (worn)
Jewellery
 g - a ring of resist corrosion (left hand)
Potions
 e - a potion of degeneration {unknown}
 j - a potion of invisibility {unknown}


   Skills:
 + Level 4.0 Fighting
 * Level 3.8 Axes
 + Level 3.6 Armour
 + Level 0.9 Dodging
 - Level 3.2 Shields


You had 2 spell levels left.
You didn't know any spells.
Your spell library contained the following spells:

 Spells                   Type           Power      Damage    Failure   Level
 Summon Small Mammal      Summ           0%         N/A       80%         1
 Call Canine Familiar     Summ           0%         N/A       99%         3
 Summon Guardian Golem    Hex/Summ       0%         N/A       99%         3


Dungeon Overview and Level Annotations

Branches:
Dungeon (3/15)

Altars:

Annotations:
D:3 Sigmund


Message History

(D) Dungeon
Where to? (Enter - D:2, ? - help)
What level of the Dungeon? (default 1, ? - help)
There is an open door here.
There is a stone staircase leading down here.
You climb downwards.
Your summoned ally is left behind.
A goblin and Sigmund come into view.
The goblin shouts!
Sigmund shouts!
Found 11 gold pieces and 24 stones.
Found an escape hatch in the floor.
There is a stone staircase leading up here.
You feel very mighty all of a sudden. Sigmund hits you with a +0 scythe.
You slash Sigmund!
Sigmund is moderately wounded.
Sigmund barely misses you.
A kobold comes into view. It is wielding a +0 dagger.
The kobold shouts!
You hit Sigmund.
Sigmund is heavily wounded.
Sigmund casts a spell.
Sigmund flickers and vanishes!
Deactivating autopickup; reactivate with Ctrl-A.
Something hits you.
The kobold throws a stone.
The stone hits you but does no damage.
You slash the goblin!
You kill the goblin!
You hit something. Something hits you!
The kobold throws a stone.
The stone hits you but does no damage.
You are too injured to fight recklessly!
You closely miss something.
The kobold throws a stone.
The stone barely misses you. Something hits you.
* * * LOW HITPOINT WARNING * * *
You closely miss something. Something hits you.
* * * LOW HITPOINT WARNING * * *
You closely miss something. You barely miss the kobold.
You hear some strange, mumbled words.
You are confused.
The kobold hits you but does no damage.
You bump into the rock wall.
Something hits you!
You die...

#. ... # #..
#..#. #.# #.#.
#.# ...# #.# #..
#># #.K##.#######
##..@.........
#..${.<.......
.........##...(..
......#..# ####.
#######..# #..#
#..# #..# #..#


You could see a kobold.

Vanquished Creatures
  4 ball pythons
  3 endoplasms (D:2)
  6 goblins
  5 hobgoblins (D:1)
  4 jackals (D:1)
  2 quokkas (D:1)
  3 bats
  2 frilled lizards
  5 rats
34 creatures vanquished.

Notes
Turn   | Place    | Note
-------+----------+-------------------------------------------
     0 | D:1      | ZombieSheep the Hill Orc Fighter began the quest for the
                  | Orb.
     0 | D:1      | Reached XP level 1. HP: 19/19 MP: 1/1
   184 | D:1      | Reached XP level 2. HP: 24/27 MP: 2/2
   667 | D:1      | Found a faded altar of an unknown god.
   865 | D:1      | Reached XP level 3. HP: 33/33 MP: 3/3
  1242 | D:2      | Reached skill level 4 in Fighting
  1672 | D:3      | Noticed Sigmund
  1682 | D:3      | Slain by Sigmund

Illustrated notes

Levels and vault maps discovered:
D:1:      dpeg_arrival_rhombus, layout_basic,
          dreamdust_ecumenical_altar_angels_and_demons
D:2:      layout_basic
D:3:      layout_loops_ring, skrybe_limestone_x, minmay_misc_feat_secret_circle,
          minmay_box_of_dots, uniq_robin, uniq_sigmund

Skill      XL: |  1  2  3 |
---------------+----------+-----
Axes           | 3 |  3.8
Fighting       | 4 |  4.0
Armour         | |  3.6
Dodging        | |  0.9
Shields        | |  3.2

Action                   || total
-------------------------++-------
Melee: War axe           ||    79
  Use: Scroll            ||     4
       Potion            ||     1
Armor: Scale mail        ||    50
Dodge: Dodged            ||    62
Block: Kite shield       ||     2
